 Dungeon Crawl Stone Soup version 0.23.2-33-g5129a83184 (webtiles) character file.

Game seed: 18259298967760271662

217 Kold the Insei (level 5, 0/33 HPs)
             Began as an Octopode Transmuter on July 23, 2019.
             Killed by divine providence
             ... invoked by an orc priest
              (7 damage)
             ... on level 3 of the Dungeon.
             The game lasted 00:03:41 (3137 turns).

Kold the Insei (Octopode Transmuter)                Turns: 3137, Time: 00:03:41

Health: 0/33       AC:  1    Str:  9    XL:     5   Next: 94%
Magic:  7/8        EV: 14    Int: 16    God:
Gold:   282        SH:  0    Dex: 13    Spells: 7/8 levels left

rFire    . . .     SeeInvis .     - Unarmed
rCold    . . .     Gourm    .   (no shield)
rNeg     . . .     Faith    .   (helmet restricted)
rPois    .         Spirit   .   (no amulet)
rElec    .         Reflect  .   (no ring)
rCorr    .         Harm     .   (no ring)
MR       .....                  (no ring)
Stlth    +++.......             (no ring)
HPRegen  0.11/turn              (no ring)
MPRegen  0.11/turn              (no ring)
                                (no ring)
                                (no ring)

@: appendage
A: almost no armour, stealthy swim, amphibious, 8 rings, constrict 8, tentacle
spike 3, camouflage 1, gelatinous body 1
a: End Transformation


You were on level 3 of the Dungeon.
You were not hungry.
One of your tentacles had a temporary spike.
You visited 1 branch of the dungeon, and saw 3 of its levels.

You collected 282 gold pieces.

Inventory:

Missiles
 a - 115 arrows
Jewellery
 p - an uncursed ring of fire
Scrolls
 d - 2 scrolls of enchant armour {unknown}
 e - 3 scrolls of identify {unknown}
 f - 3 scrolls of remove curse {unknown}
 k - 2 scrolls of fear {unknown}
 m - 2 scrolls of teleportation {unknown}
 n - a scroll of noise {unknown}
Potions
 b - a potion of lignification {unknown}
 g - a potion of ambrosia {unknown}
 h - a potion of flight {unknown}
 i - a potion of magic {unknown}
 j - a potion of curing
 l - a potion of brilliance {unknown}
 o - 2 potions of invisibility {unknown}
 q - a potion of heal wounds {unknown}
Comestibles
 c - 8 rations
 r - 3 chunks of flesh


   Skills:
 - Level 1.0 Fighting
 + Level 3.4 Dodging
 - Level 3.0 Stealth
 + Level 4.2 Unarmed Combat
 - Level 2.0 Spellcasting
 + Level 3.5 Transmutations


You had 7 spell levels left.
You knew the following spells:

 Your Spells              Type           Power        Failure   Level  Hunger
a - Beastly Appendage     Tmut           ##....       4%          1    #......

Your spell library contained the following spells:

 Spells                   Type           Power        Failure   Level  Hunger
 Sticks to Snakes         Tmut           ##......     8%          2    ###....
 Spider Form              Tmut/Pois      #.........   30%         3    ###....
 Ice Form                 Ice/Tmut       #.......     69%         4    #####..
 Blade Hands              Tmut           ##........   80%         5    ######.


Dungeon Overview and Level Annotations

Branches:
Dungeon (3/15)

Altars:
Elyvilon


Innate Abilities, Weirdness & Mutations

You cannot wear most types of armour.
You are very stealthy in the water. (Stealth+)
You are amphibious.
You can wear up to eight rings at the same time.
You can use your tentacles to constrict eight enemies at once.
Your skin changes colour to match your surroundings (Stealth+).
Your rubbery body absorbs attacks. (AC +1, EV +1)
One of your tentacles bears a large vicious spike.


Message History

The orc priest looks satisfied for a moment.
You tentacle-slap the orc priest.
You pierce the orc priest.
The orc priest is severely wounded.
You constrict the orc priest, but do no damage.
You tentacle-slap the orc priest but do no damage.
The orc priest is severely wounded.
You constrict the orc priest, but do no damage.
The orc priest hits you with a +0 short sword.
* * * LOW HITPOINT WARNING * * *
You tentacle-slap the orc priest but do no damage.
You pierce the orc priest, but do no damage.
The orc priest is severely wounded.
You constrict the orc priest, but do no damage.
The orc priest hits you but does no damage.
You tentacle-slap the orc priest but do no damage.
The orc priest is severely wounded.
You constrict the orc priest.
The orc priest calls down the wrath of Beogh upon you.
Beogh smites you!
You die...

?..............#
...............#
...............##
.................
.........)........
..................
..................
.........o........
#...$..†##@####...
#...#....#.# #....
........<..##.....
...........#....
...o.........# .
...........### ...
..........####....
#.........<.......
..........).##....


You could see an orc priest.

Vanquished Creatures
  A hound (D:2)
  3 orc wizards (D:3)
  Terence (D:2)
  3 adders
  3 worms (D:2)
  A leopard gecko (D:2)
  11 orcs
  A ball python (D:2)
  A giant cockroach (D:2)
  4 goblins
  3 hobgoblins
  3 bats
  A frilled lizard (D:1)
  10 rats
46 creatures vanquished.

Vanquished Creatures (others)
  An orc (D:3)
1 creature vanquished.

Grand Total: 47 creatures vanquished

Notes
Turn   | Place    | Note
-------+----------+-------------------------------------------
     0 | D:1      | Kold the Octopode Transmuter began the quest for the Orb.
     0 | D:1      | Reached XP level 1. HP: 13/13 MP: 3/3
   254 | D:1      | Reached skill level 1 in Stealth
   254 | D:1      | Reached XP level 2. HP: 18/18 MP: 5/5
   705 | D:2      | Found a white marble altar of Elyvilon.
  1072 | D:2      | Reached XP level 3. HP: 21/23 MP: 4/6
  1295 | D:2      | Noticed Terence
  1304 | D:2      | Killed Terence
  1510 | D:2      | Reached XP level 4. HP: 26/28 MP: 7/7
  2269 | D:3      | Reached XP level 5. HP: 23/33 MP: 6/8
  2860 | D:3      | Reached skill level 4 in Unarmed Combat
  3137 | D:3      | Killed from afar by an orc priest

Skill      XL: |  1  2  3  4  5 |
---------------+----------------+-----
Stealth        | 1 2 3 |  3.0
Transmutations | 3 |  3.5
Dodging        | 3 |  3.4
Unarmed Combat | 4 |  4.2
Fighting       | |  1.0
Spellcasting   | |  2.0

Action                   |  1- 3 |  4- 6 || total
-------------------------+-------+-------++-------
Melee: Unarmed           |    48 |    70 ||   118
       Kick              |    16 |    17 ||    33
       Tentacles         |     6 |    16 ||    22
       Constrict         |     9 |    16 ||    25
       Punch             |     1 |     2 ||     3
 Cast: Beastly Appendage |    15 |    11 ||    26
  Use: Potion            |       |     1 ||     1
 Stab: Sleeping          |     6 |       ||     6
  Eat: Chunk             |     2 |     5 ||     7
Armor: Skin              |     6 |     2 ||     8
Dodge: Dodged            |    16 |    58 ||    74
